 Seeded DCSS version 0.29.1-1-gd02db6906a (webtiles) character file.

Game seed: 9708579739092153053 (custom seed)

1540 GigaChad the Protected (level 8, -6/74 HPs)
             Began as a Minotaur Fighter on Sept 16, 2022.
             Was an Initiate of Trog.
             Shot with a bolt by an orc warrior (19 damage)
             ... on level 7 of the Dungeon.
             The game lasted 00:09:28 (4183 turns).

GigaChad the Protected (Minotaur Fighter)           Turns: 4183, Time: 00:09:29

Health: -6/74      AC: 17    Str: 24    XL:     8   Next: 56%
Magic:  7/7        EV:  7    Int:  5    God:    Trog [......]
Gold:   173        SH:  8    Dex: 14    Spells: 7/7 levels left

rFire   . . .      SeeInvis +   h - +7 mace of the Maze {spect, rPois Will+ Str+2}
rCold   . . .      Faith    .   n - +3 warlock's mirror {reflect}
rNeg    . . .      Spirit   .   k - +0 plate armour
rPois   +          Reflect  +   (helmet restricted)
rElec   .          Harm     .   (no cloak)
rCorr   .          Rampage  .   m - +1 pair of gloves "Meceyri" {*Slow +Blink Dex+3 SInv}
Will    +....                   (no boots)
Stlth   ..........              (no amulet)
HPRegen 0.22/turn               (no ring)
MPRegen 0.10/turn               (no ring)

@: no status effects
A: horns 2, retaliatory headbutt
a: Renounce Religion, Evoke Blink


You were on level 7 of the Dungeon.
You worshipped Trog.
Trog was noncommittal.
You visited 2 branches of the dungeon, and saw 8 of its levels.

You collected 173 gold pieces.

Inventory:

Hand Weapons
 a - a +0 long sword
 h - the +7 mace of the Maze (weapon) {spect, rPois Will+ Str+2}
   (You found it on level 2 of the Dungeon)

   When its wielder attacks, the weapon's spirit leaps out and strikes again.
   The spirit shares a part of any damage it takes with its wielder.
   Str:       It affects your strength (+2).
   rPois:     It protects you from poison.
   Will:      It increases your willpower.
 l - a +2 triple sword of electrocution
Armour
 b - a +0 scale mail
 c - a +0 buckler
 k - a +0 plate armour (worn)
 m - the +1 pair of gloves "Meceyri" (worn) {*Slow +Blink Dex+3 SInv}
   (You acquired it on level 3 of the Dungeon)

   Dex:       It affects your dexterity (+3).
   SInv:      It lets you see invisible.
   +Blink:    It lets you blink.
   *Slow:     It may slow you when you take damage.
 n - the +3 warlock's mirror (worn) {reflect}
   (You acquired it on level 3 of the Dungeon)

   It can block and reflect piercing ranged attacks and magical attacks against
   the wielder's willpower.
Wands
 q - a wand of flame (4)
Scrolls
 e - 3 scrolls of blinking {unknown}
 f - 8 scrolls of identify {unknown}
 g - a scroll of teleportation {unknown}
 i - 2 scrolls of noise {unknown}
 p - a scroll of fear {unknown}
 s - 2 scrolls of immolation {unknown}
Potions
 d - a potion of might
 j - a potion of brilliance {unknown}
 o - a potion of haste {unknown}
 r - a potion of flight {unknown}


   Skills:
 - Level 7.9 Fighting
 - Level 2.4 Long Blades
 + Level 11.3 Armour
 - Level 3.6 Shields


You had 7 spell levels left.
You didn't know any spells.
Your spell library contained the following spells:

 Spells                   Type           Power      Damage    Failure   Level
 Necrotise                Necr           0%         1d4       100%        1
 Vampiric Draining        Necr           0%         2d6       100%        3
 Agony                    Necr           0%         N/A       100%        5


Dungeon Overview and Level Annotations

Branches:
Dungeon (7/15)             Temple (1/1) D:6

Altars:
Dithmenos
Elyvilon
Gozag
Kikubaaqudgha
Makhleb
Nemelex Xobeh
Okawaru
Trog
Vehumet
Xom
Yredelemnul
Zin
The Shining One

Annotations:
D:5 3 runed translucent doors, Tsarbomb's ghost, novice GrFi


Innate Abilities, Weirdness & Mutations

You have a pair of horns on your head.
You reflexively headbutt those who attack you in melee.


Message History

You swap places.
The water moccasin barely misses you.
You see here the human corpse of Prince Ribbit.
You barely miss the water moccasin.
Your +7 mace of the Maze {spect, rPois Will+ Str+2} hits the water moccasin!
The water moccasin barely misses your +7 mace of the Maze {spect, rPois Will+ Str+2}.
The water moccasin closely misses your +7 mace of the Maze {spect, rPois Will+ Str+2}.
You closely miss the water moccasin. You headbutt the water moccasin.
The water moccasin is severely wounded.
Your +7 mace of the Maze {spect, rPois Will+ Str+2} hits the water moccasin!
You kill the water moccasin!
Trog accepts your kill.
Your Armour skill increases to level 11!
Unknown command.
You start resting.
An orc priest comes into view. It is wielding a +0 short sword.
The orc priest shouts!
You hear a shout! x4
You thump the orc priest!
The orc priest is heavily wounded.
The orc priest looks satisfied for a moment.
You hit the orc priest.
The orc priest is severely wounded.
The orc priest calls down the wrath of Beogh upon you.
Beogh smites you!
The orc priest invokes the aid of Beogh against you.
Your +3 warlock's mirror {reflect} reflects the Pain!
The orc priest writhes in agony.
The orc priest dies!
Trog accepts your kill.
You start resting.
An orc warrior comes into view.
It is wielding a +0 long sword and wearing a +2 chain mail of poison resistance.
An orc warrior is nearby!
The orc warrior unwields a +0 long sword.
The orc warrior wields a +0 arbalest.
The orc warrior shoots a bolt.
The bolt hits you!
An orc wizard comes into view. It is wielding a +0 dagger.
The orc warrior shoots a bolt.
The bolt hits you!
* * * LOW HITPOINT WARNING * * *
You hear a shout!
The orc warrior shoots a bolt.
The bolt hits you!!
You die...

... .# #.# .#.#
#.# ##.#.# #.#
##....# ..## ...
...#.. #.##.#.#
#.... #.##.#.#
#)#.#
#......######.#.#
#..###o†o.....@.#
#..# #........###
#..###.########
###......#
)...#..###
#####..# #..#
#..# #..#


You could see an orc warrior.

Vanquished Creatures
  Prince Ribbit (D:7)
  Grinder (D:6)
  Eustachio (D:6)
  2 water moccasins
  A sky beast (D:7)
  2 black bears (D:6)
  A phantom (D:6)
  2 jellies
  2 orc priests
  3 iguanas
  2 orc wizards (D:7)
  Robin (D:4)
  8 adders
  3 worms
  A dart slug (D:5)
  15 orcs
  2 bats (D:3)
  2 endoplasms (D:3)
  3 giant cockroaches
  16 goblins
  7 hobgoblins
  4 jackals (D:2)
  A quokka (D:6)
  3 ball pythons
  2 frilled lizards
  3 kobolds
89 creatures vanquished.

Vanquished Creatures (others)
  An orc priest (D:7)
1 creature vanquished.

Grand Total: 90 creatures vanquished

Notes
Turn   | Place    | Note
-------+----------+-------------------------------------------
     0 | D:1      | GigaChad the Minotaur Fighter began the quest for the Orb.
     0 | D:1      | Reached XP level 1. HP: 19/19 MP: 0/0
   214 | D:2      | Reached XP level 2. HP: 7/28 MP: 1/1
  1062 | D:2      | Identified the +7 mace of the Maze {spect, rPois Will+
                  | Str+2}
  1499 | D:3      | Reached skill level 5 in Fighting
  1499 | D:3      | Reached XP level 3. HP: 36/36 MP: 2/2
  1518 | D:3      | Identified 3 scrolls of acquirement
  1518 | D:3      | Acquired the +1 pair of gloves "Meceyri" {*Slow +Blink
                  | Dex+3 SInv}
  1525 | D:3      | Acquired the +3 warlock's mirror {reflect}
  1525 | D:3      | Found the +3 warlock's mirror {reflect}
  1537 | D:3      | Acquired a +2 triple sword of electrocution
  2123 | D:3      | Reached XP level 4. HP: 43/44 MP: 3/3
  2682 | D:4      | Reached XP level 5. HP: 50/51 MP: 4/4
  2705 | D:4      | Noticed Robin
  2714 | D:4      | Killed Robin
  2856 | D:5      | Entered Level 5 of the Dungeon
  2954 | D:5      | Found a runed translucent gate.
  2954 | D:5      | Found a runed translucent gate.
  2954 | D:5      | Found a runed translucent gate.
  2956 | D:5      | Noticed Tsarbomb's ghost (novice GrFi)
  3070 | D:6      | Reached skill level 4 in Armour
  3070 | D:6      | Reached XP level 6. HP: 61/61 MP: 5/5
  3122 | D:6      | Found a staircase to the Ecumenical Temple.
  3203 | D:6      | Noticed Eustachio
  3216 | D:6      | Killed Eustachio
  3217 | D:6      | Reached skill level 5 in Armour
  3300 | Temple   | Entered the Ecumenical Temple
  3311 | Temple   | Became a worshipper of Trog the Wrathful
  3391 | D:6      | Reached skill level 6 in Armour
  3424 | D:6      | Reached XP level 7. HP: 64/67 MP: 6/6
  3538 | D:6      | Reached skill level 7 in Armour
  3603 | D:6      | Found a large runed translucent door.
  3604 | D:6      | Found a large runed translucent door.
  3614 | D:6      | Noticed Grinder
  3615 | D:6      | Found a basalt altar of Yredelemnul.
  3616 | D:6      | Paralysed by Grinder for 3 turns
  3627 | D:6      | Killed Grinder
  3627 | D:6      | Found a radiant altar of Vehumet.
  3628 | D:6      | Reached skill level 9 in Armour
  3631 | D:6      | Reached XP level 8. HP: 46/74 MP: 7/7
  4000 | D:7      | Reached skill level 10 in Armour
  4145 | D:7      | Noticed Prince Ribbit
  4155 | D:7      | Killed Prince Ribbit
  4159 | D:7      | Reached skill level 11 in Armour
  4183 | D:7      | Shot with a bolt by an orc warrior

Illustrated notes

Levels and vault maps discovered:
D:1:      matt_arrival_spirals, layout_loops_ring,
          chequers_ecumenical_altar_island, chequers_serial_rivers_room_b,
          minmay_misc_feat_nine_boxes
D:2:      layout_basic, chequers_serial_rivers_small_3
D:3:      layout_loops_ring
D:4:      layout_loops_corners, kennysheep_generic_room_5, uniq_robin
D:5:      kennysheep_kobold_camp, layout_cave_pools,
          gammafunk_ghost_nasty_kobolds, nicolae_fountain_basement
D:6:      minmay_evil_eye, layout_loops_ring, jmf_multi_god_temple2,
          temple_statues, gup_sewer_entry_bubbles, uniq_grinder, uniq_eustachio
D:7:      layout_loops_ring, worms_lemuel, uniq_prince_ribbit1
Temple:   hellmonk_temple_two_chambers

Skill      XL: |  1  2  3  4  5  6  7  8 |
---------------+-------------------------+-----
Fighting       | 4 5 6 7 |  7.9
Armour         | 4 6 9 11 | 11.3
Long Blades    | |  2.4
Shields        | |  3.6

Action                   |  1- 3 |  4- 6 |  7- 9 || total
-------------------------+-------+-------+-------++-------
Melee: Long sword        |    47 |       |       ||    47
       Headbutt          |     9 |    12 |     9 ||    30
       Mace              |    23 |    58 |    64 ||   145
  Use: Scroll            |     3 |       |       ||     3
 Stab: Distracted        |       |       |     1 ||     1
Armor: Scale mail        |    25 |       |       ||    25
       Plate armour      |    14 |    46 |    37 ||    97
Dodge: Dodged            |    28 |    19 |    20 ||    67
Block: Buckler           |    13 |    34 |    27 ||    74
       Reflection        |       |     1 |     1 ||     2
